TOP OF THE 1ST |
Mahoning Valley Scrappers batting - Pitching for Tri-City ValleyCats : LHP Manny Gonzales
|
Pitching: LHP Manny Gonzales
|
|
Batting: RHB Reynaldo Herrera
|
0-0: Foul Ball, location: 2F 0-1: Ground out 6-3 (Groundball, 6, EV 107.5 MPH)
|
Batting: RHB Andy Lewis
|
0-0: Foul Ball, location: 2F 0-1: Ground out 5-3 (Groundball, 56S, EV 86.2 MPH)
|
Batting: RHB Harris Leroux
|
0-0: Ball 1-0: Ball 2-0: Ball 3-0: Called Strike 3-1: Called Strike 3-2: Strikes out swinging
|
Top of the 1st over - 0 runs, 0 hits, 0 errors, 0 left on base; Mahoning Valley 0 - Tri-City 0 |
BOTTOM OF THE 1ST |
Tri-City ValleyCats batting - Pitching for Mahoning Valley Scrappers : LHP Angel Contreras
|
Pitching: LHP Angel Contreras
|
|
Batting: RHB Patrick Pinault
|
0-0: SINGLE (Groundball, 56, EV 95.0 MPH)
|
Batting: LHB Jackson Trottier
|
0-0: Ball 1-0: Ball 2-0: Ball 3-0: Called Strike 3-1: Called Strike 3-2: Foul Ball, location: 2F 3-2: SINGLE (Groundball, 13, EV 83.8 MPH) (infield hit) Patrick Pinault to second
|
Batting: RHB Andrew Pride
|
0-0: Fielders Choice at 2nd, 4-6 (Groundball, 34, EV 100.6 MPH) Patrick Pinault to third
|
Batting: RHB Josh Broome
|
0-0: Ball 1-0: Foul Ball, location: 2F 1-1: Ball 2-1: Foul Ball, location: 2F 2-2: Strikes out looking
|
Batting: RHB Hugo Priego
|
0-0: Ball 1-0: Called Strike 1-1: Called Strike 1-2: Strikes out looking
|
Bottom of the 1st over - 0 runs, 2 hits, 0 errors, 2 left on base; Mahoning Valley 0 - Tri-City 0 |
TOP OF THE 2ND |
Mahoning Valley Scrappers batting - Pitching for Tri-City ValleyCats : LHP Manny Gonzales
|
Batting: RHB Kevin Wiles
|
0-0: Ball 1-0: DOUBLE (Flyball, 78XD, EV 92.5 MPH)
|
Batting: LHB Dave Key
|
0-0: Ball 1-0: Called Strike 1-1: Swinging Strike 1-2: Foul Ball, location: 2F 1-2: Ball 2-2: Strikes out looking
|
Batting: RHB Jonathan Livingston
|
0-0: Swinging Strike 0-1: Ball 1-1: Ball 2-1: Called Strike 2-2: Ball 3-2: Foul Ball, location: 2F 3-2: Strikes out swinging
|
Batting: LHB Brandon Hopper
|
0-0: Foul Ball, location: 2F 0-1: Called Strike 0-2: Ball 1-2: Ball 2-2: Fly out, F7 (Line Drive, 7S, EV 100.0 MPH)
|
Top of the 2nd over - 0 runs, 1 hit, 0 errors, 1 left on base; Mahoning Valley 0 - Tri-City 0 |
BOTTOM OF THE 2ND |
Tri-City ValleyCats batting - Pitching for Mahoning Valley Scrappers : LHP Angel Contreras
|
Batting: RHB John Moore
|
0-0: Ball 1-0: Ball 2-0: Ball 3-0: Called Strike 3-1: Base on Balls
|
Batting: SHB Benoît Morin
|
0-0: Ball 1-0: Foul Ball, location: 2F 1-1: Swinging Strike 1-2: Ball 2-2: Ball 3-2: Foul Ball, location: 2F 3-2: Fielders Choice at 2nd, 6-4 (Groundball, 6, EV 83.1 MPH)
|
Batting: LHB Lu-po-teh Zhou
|
0-0: Ball Wild Pitch! Benoît Morin to second 1-0: Called Strike 1-1: Ground out 4-3 (Groundball, 34, EV 81.9 MPH) Benoît Morin to third
|
Batting: RHB Kenny Beall
|
0-0: Called Strike 0-1: Hit by Pitch
|
Batting: RHB Patrick Pinault
|
0-0: Called Strike 0-1: Ball 1-1: Fielders Choice at 2nd, 6-4 (Groundball, 6, EV 104.4 MPH)
|
Bottom of the 2nd over - 0 runs, 0 hits, 0 errors, 2 left on base; Mahoning Valley 0 - Tri-City 0 |
TOP OF THE 3RD |
Mahoning Valley Scrappers batting - Pitching for Tri-City ValleyCats : LHP Manny Gonzales
|
Batting: LHB Rich Walker
|
0-0: Ground out 5-3 (Groundball, 5, EV 81.2 MPH)
|
Batting: RHB Bill Ortiz
|
0-0: Called Strike 0-1: Ground out U3 (Groundball, 3, EV 106.2 MPH)
|
Batting: RHB Reynaldo Herrera
|
0-0: Ball 1-0: Foul Ball, location: 2F 1-1: Ball 2-1: Foul Ball, location: 2F 2-2: Foul Ball, location: 2F 2-2: Ground out 1-3 (Groundball, 13, EV 68.8 MPH)
|
Top of the 3rd over - 0 runs, 0 hits, 0 errors, 0 left on base; Mahoning Valley 0 - Tri-City 0 |
BOTTOM OF THE 3RD |
Tri-City ValleyCats batting - Pitching for Mahoning Valley Scrappers : LHP Angel Contreras
|
Batting: LHB Jackson Trottier
|
0-0: Ball 1-0: Called Strike 1-1: Ball 2-1: Ground out 5-3 (Groundball, 5, EV 101.2 MPH)
|
Batting: RHB Andrew Pride
|
0-0: Called Strike 0-1: Ball 1-1: Fly out, F4 (Popup, 34, EV 66.9 MPH)
|
Batting: RHB Josh Broome
|
0-0: Swinging Strike 0-1: Foul Ball, location: 2F 0-2: Foul Ball, location: 2F 0-2: Ball 1-2: Strikes out swinging
|
Bottom of the 3rd over - 0 runs, 0 hits, 0 errors, 0 left on base; Mahoning Valley 0 - Tri-City 0 |
TOP OF THE 4TH |
Mahoning Valley Scrappers batting - Pitching for Tri-City ValleyCats : LHP Manny Gonzales
|
Batting: RHB Andy Lewis
|
0-0: Swinging Strike 0-1: Swinging Strike 0-2: Ball 1-2: Ground out U3 (Groundball, 3S, EV 67.5 MPH)
|
Batting: RHB Harris Leroux
|
0-0: Called Strike 0-1: Foul Ball, location: 2F 0-2: Ball 1-2: Ball 2-2: Foul Ball, location: 2F 2-2: Strikes out looking
|
Batting: RHB Kevin Wiles
|
0-0: Ball 1-0: SINGLE (Groundball, 56S, EV 75.0 MPH) (infield hit)
|
Batting: LHB Dave Key
|
Pickoff Throw to First - Out! 1-3
|
Top of the 4th over - 0 runs, 1 hit, 0 errors, 0 left on base; Mahoning Valley 0 - Tri-City 0 |
BOTTOM OF THE 4TH |
Tri-City ValleyCats batting - Pitching for Mahoning Valley Scrappers : LHP Angel Contreras
|
Batting: RHB Hugo Priego
|
0-0: Swinging Strike 0-1: Swinging Strike 0-2: Foul Ball, location: 2F 0-2: Strikes out swinging
|
Batting: RHB John Moore
|
0-0: Ball 1-0: Foul Ball, location: 2F 1-1: Swinging Strike 1-2: Ball 2-2: Strikes out looking
|
Batting: SHB Benoît Morin
|
0-0: Ball 1-0: Called Strike 1-1: Ball 2-1: Fly out, F9 (Flyball, 9, EV 75.6 MPH)
|
Bottom of the 4th over - 0 runs, 0 hits, 0 errors, 0 left on base; Mahoning Valley 0 - Tri-City 0 |
TOP OF THE 5TH |
Mahoning Valley Scrappers batting - Pitching for Tri-City ValleyCats : LHP Manny Gonzales
|
Batting: LHB Dave Key
|
0-0: Ball 1-0: Called Strike 1-1: Ball 2-1: Ball 3-1: Fly out, F9 (Flyball, 9LD, EV 98.8 MPH)
|
Batting: RHB Jonathan Livingston
|
0-0: Ball 1-0: SINGLE (Line Drive, 56, EV 97.5 MPH)
|
Batting: LHB Brandon Hopper
|
0-0: Called Strike 0-1: TRIPLE (Line Drive, 9LD, EV 105.0 MPH) Jonathan Livingston scores
|
Batting: LHB Rich Walker
|
0-0: Ball 1-0: Swinging Strike 1-1: Ground out U3 (Groundball, 34, EV 88.8 MPH) Brandon Hopper scores
|
Batting: RHB Bill Ortiz
|
0-0: Ball 1-0: SINGLE (Groundball, 6M, EV 98.1 MPH)
|
Batting: RHB Reynaldo Herrera
|
0-0: Called Strike 0-1: Foul Ball, location: 2F 0-2: Ball 1-2: Foul Ball, location: 2F 1-2: Ball 2-2: Strikes out looking
|
Top of the 5th over - 2 runs, 3 hits, 0 errors, 1 left on base; Mahoning Valley 2 - Tri-City 0 |
BOTTOM OF THE 5TH |
Tri-City ValleyCats batting - Pitching for Mahoning Valley Scrappers : LHP Angel Contreras
|
Batting: LHB Lu-po-teh Zhou
|
0-0: Called Strike 0-1: Foul Ball, location: 2F 0-2: Strikes out swinging
|
Batting: RHB Kenny Beall
|
0-0: DOUBLE (Flyball, 8RD, EV 110.6 MPH)
|
Batting: RHB Patrick Pinault
|
0-0: Foul Ball, location: 2F 0-1: Ball 1-1: Swinging Strike 1-2: Ball 2-2: SINGLE (Groundball, 4MD, EV 99.4 MPH) Kenny Beall to third
|
Batting: LHB Jackson Trottier
|
0-0: Called Strike 0-1: Ball 1-1: Foul Ball, location: 2F 1-2: Hit by Pitch Patrick Pinault to second
|
Batting: RHB Andrew Pride
|
0-0: Ball 1-0: Swinging Strike 1-1: Called Strike 1-2: Ball 2-2: Foul Ball, location: 2F 2-2: Strikes out swinging
|
Batting: RHB Josh Broome
|
0-0: Swinging Strike 0-1: Ball 1-1: Swinging Strike Passed Ball! Kenny Beall scores Patrick Pinault to third Jackson Trottier to second 1-2: Strikes out swinging
|
Bottom of the 5th over - 1 run, 2 hits, 0 errors, 2 left on base; Mahoning Valley 2 - Tri-City 1 |
TOP OF THE 6TH |
Mahoning Valley Scrappers batting - Pitching for Tri-City ValleyCats : LHP Manny Gonzales
|
Batting: RHB Andy Lewis
|
0-0: TRIPLE (Flyball, 89XD, EV 108.1 MPH)
|
Batting: RHB Harris Leroux
|
0-0: Ball 1-0: Fly out, F8 (Flyball, 8LM, EV 79.4 MPH)
|
Batting: RHB Kevin Wiles
|
0-0: Fly out, F7 (Flyball, 7D, EV 89.4 MPH) Runner from 3rd tags up, SCORES, no throw by LF
|
Batting: LHB Dave Key
|
0-0: Called Strike 0-1: Foul Ball, location: 2F 0-2: Fly out, F8 (Flyball, 8LD, EV 97.5 MPH)
|
Top of the 6th over - 1 run, 1 hit, 0 errors, 0 left on base; Mahoning Valley 3 - Tri-City 1 |
BOTTOM OF THE 6TH |
Tri-City ValleyCats batting - Pitching for Mahoning Valley Scrappers : LHP Angel Contreras
|
Batting: RHB Hugo Priego
|
0-0: Swinging Strike 0-1: Ball 1-1: Foul Ball, location: 2F 1-2: Fly out, F4 (Popup, 34S, EV 84.4 MPH)
|
Batting: RHB John Moore
|
0-0: Called Strike 0-1: Ground out 4-3 (Groundball, 4S, EV 86.2 MPH)
|
Batting: SHB Benoît Morin
|
0-0: Foul Ball, location: 2F 0-1: Ball 1-1: Called Strike 1-2: Ground out 6-3 (Groundball, 6M, EV 85.0 MPH)
|
Bottom of the 6th over - 0 runs, 0 hits, 0 errors, 0 left on base; Mahoning Valley 3 - Tri-City 1 |
TOP OF THE 7TH |
Mahoning Valley Scrappers batting - Pitching for Tri-City ValleyCats : LHP Manny Gonzales
|
Pitching: RHP Francisco Tejada
|
|
Batting: RHB Jonathan Livingston
|
0-0: Ball 1-0: Ball 2-0: Foul Ball, location: 2F 2-1: Foul Ball, location: 2F 2-2: Ball 3-2: Base on Balls
|
Batting: LHB Brandon Hopper
|
0-0: Ball 1-0: Called Strike 1-1: Hit by Pitch Jonathan Livingston to second
|
Batting: LHB Rich Walker
|
0-0: Called Strike 0-1: Called Strike 0-2: Ball 1-2: Strikes out swinging
|
Batting: LHB Matt Steinke
|
0-0: Ball 1-0: Ball 2-0: Called Strike 2-1: Ball 3-1: Base on Balls Jonathan Livingston to third Brandon Hopper to second
|
Batting: RHB Reynaldo Herrera
|
0-0: Ball 1-0: Ball 2-0: Ball 3-0: Base on Balls Jonathan Livingston scores Brandon Hopper to third Matt Steinke to second
|
Batting: RHB Andy Lewis
|
0-0: Called Strike 0-1: GRAND SLAM HOME RUN (Flyball, 7D, EV 95.0 MPH), Distance : 360 ft
|
Pitching: RHP Jeremy Mash
|
|
Batting: RHB Harris Leroux
|
0-0: Ball 1-0: Ball 2-0: Called Strike 2-1: Ground out 5-3 (Groundball, 56, EV 91.2 MPH)
|
Pinch Hitting: RHB Nick Gossman
|
0-0: Ball 1-0: Swinging Strike 1-1: Foul Ball, location: 2F 1-2: Foul Ball, location: 2F 1-2: Strikes out looking
|
Top of the 7th over - 5 runs, 1 hit, 0 errors, 0 left on base; Mahoning Valley 8 - Tri-City 1 |
BOTTOM OF THE 7TH |
Tri-City ValleyCats batting - Pitching for Mahoning Valley Scrappers : LHP Angel Contreras
|
Now at 1B: Harris Leroux
|
|
Now in RF: Chris Folse
|
|
Batting: LHB Lu-po-teh Zhou
|
0-0: Ground out 4-3 (Groundball, 4, EV 100.6 MPH)
|
Batting: RHB Kenny Beall
|
0-0: Ball 1-0: Fly out, F7 (Flyball, 7S, EV 93.1 MPH)
|
Batting: RHB Patrick Pinault
|
0-0: Ball 1-0: Swinging Strike 1-1: Ball 2-1: Ball 3-1: Foul Ball, location: 2F 3-2: SINGLE (Groundball, 6MD, EV 102.5 MPH)
|
Pitching: LHP Jordan Jimenez
|
|
Batting: LHB Jackson Trottier
|
0-0: Ground out 5-3 (Groundball, 56S, EV 87.5 MPH)
|
Bottom of the 7th over - 0 runs, 1 hit, 0 errors, 1 left on base; Mahoning Valley 8 - Tri-City 1 |
TOP OF THE 8TH |
Mahoning Valley Scrappers batting - Pitching for Tri-City ValleyCats : RHP Jeremy Mash
|
Batting: LHB Dave Key
|
0-0: Foul Ball, location: 2F 0-1: Ball 1-1: Ball 2-1: Ball 3-1: SINGLE (Groundball, 6MD, EV 93.8 MPH)
|
Batting: RHB Jonathan Livingston
|
0-0: Fielders Choice at 2nd, 5-4 (Groundball, 56S, EV 80.6 MPH)
|
Batting: LHB Brandon Hopper
|
0-0: 2-RUN HOME RUN (Flyball, 9LD, EV 103.8 MPH), Distance : 387 ft
|
Batting: LHB Rich Walker
|
0-0: Ball 1-0: Foul Ball, location: 2F 1-1: Ball 2-1: Ball 3-1: Foul Ball, location: 2F 3-2: Strikes out swinging
|
Batting: LHB Matt Steinke
|
0-0: Swinging Strike 0-1: Ball 1-1: Foul Ball, location: 2F 1-2: Ball 2-2: Ball 3-2: Ground out U3 (Groundball, 3, EV 100.0 MPH)
|
Top of the 8th over - 2 runs, 2 hits, 0 errors, 0 left on base; Mahoning Valley 10 - Tri-City 1 |
BOTTOM OF THE 8TH |
Tri-City ValleyCats batting - Pitching for Mahoning Valley Scrappers : LHP Jordan Jimenez
|
Now in LF: Travis Burnett
|
|
Batting: RHB Andrew Pride
|
0-0: Swinging Strike 0-1: Foul Ball, location: 2F 0-2: Foul Ball, location: 2F 0-2: Ball 1-2: Foul Ball, location: 2F 1-2: Ball 2-2: Strikes out swinging
|
Batting: RHB Josh Broome
|
0-0: Ball 1-0: Ground out 6-3 (Groundball, 6, EV 103.1 MPH)
|
Batting: RHB Hugo Priego
|
0-0: Ball 1-0: Ball 2-0: Swinging Strike 2-1: Swinging Strike 2-2: Fly out, F4 (Popup, 34S, EV 69.4 MPH)
|
Bottom of the 8th over - 0 runs, 0 hits, 0 errors, 0 left on base; Mahoning Valley 10 - Tri-City 1 |
TOP OF THE 9TH |
Mahoning Valley Scrappers batting - Pitching for Tri-City ValleyCats : RHP Jeremy Mash
|
Pitching: RHP Tim Evans
|
|
Batting: RHB Reynaldo Herrera
|
0-0: Foul Ball, location: 2F 0-1: Ground out U3 (Groundball, 34, EV 87.5 MPH)
|
Batting: RHB Andy Lewis
|
0-0: Ground out 4-3 (Groundball, 4, EV 81.9 MPH)
|
Pinch Hitting: RHB Ricky Butts
|
0-0: SINGLE (Line Drive, 56, EV 107.5 MPH)
|
Pinch Hitting: RHB Jaquan Brown
|
0-0: Ball 1-0: Foul Ball, location: 2F 1-1: Foul Ball, location: 2F 1-2: Strikes out swinging
|
Top of the 9th over - 0 runs, 1 hit, 0 errors, 1 left on base; Mahoning Valley 10 - Tri-City 1 |
BOTTOM OF THE 9TH |
Tri-City ValleyCats batting - Pitching for Mahoning Valley Scrappers : LHP Jordan Jimenez
|
Now at 1B: Ricky Butts
|
|
Now in RF: Jaquan Brown
|
|
Batting: RHB John Moore
|
0-0: Ground out 5-3 (Groundball, 56, EV 79.4 MPH)
|
Batting: SHB Benoît Morin
|
0-0: Swinging Strike 0-1: Foul Ball, location: 2F 0-2: Strikes out swinging
|
Pinch Hitting: RHB Drew Coleman
|
0-0: Foul Ball, location: 2F 0-1: Called Strike 0-2: Ball 1-2: Foul Ball, location: 2F 1-2: Ball 2-2: Foul Ball, location: 2F 2-2: Strikes out swinging
|
Bottom of the 9th over - 0 runs, 0 hits, 0 errors, 0 left on base; Mahoning Valley 10 - Tri-City 1 |
|